 Dungeon Crawl Stone Soup version 0.18.1-48-g4cf74bf (webtiles) character file.

217 Melfield the Skirmisher (level 5, 47/47 HPs)
             Began as a Minotaur Chaos Knight on Aug 11, 2016.
             Starved to death
             ... in the Ecumenical Temple.
             The game lasted 00:12:22 (3187 turns).

Melfield the Skirmisher (Minotaur Chaos Knight)     Turns: 3187, Time: 00:12:23

Health: 47/47      AC: 10    Str: 18    XL:     5   Next: 62%
Magic:  4/4        EV:  8    Int:  9    God:    Xom [....*.]
Gold:   897        SH:  0    Dex:  9    Spells: 0 memorised, 4 levels left

rFire  . . .     SeeInvis .     n - +0 flail
rCold  . . .     Gourm    .     c - +0 chain mail
rNeg   . . .     Faith    .     (no shield)
rPois  .         Spirit   .     m - +0 hat
rElec  .         Dismiss  .     j - +0 cloak (curse)
rCorr  .         Reflect  .     (no gloves)
SustAt .         Harm     .     (no boots)
MR     +....                    (no amulet)
Stlth  ..........               (no ring)
                                r - ring of protection from magic

@: fainting, somewhat resistant to hostile enchantments, extremely unstealthy
A: retaliatory headbutt, horns 2
a: Renounce Religion


You were in the Ecumenical Temple.
You worshipped Xom.
You were a beloved toy of Xom.
You were fainting.

You visited 2 branches of the dungeon, and saw 6 of its levels.

You collected 897 gold pieces.

Inventory:

Hand Weapons
 a - a +0 hand axe of chaos
 n - a +0 flail (weapon)
Armour
 b - a +2 leather armour
 c - a +0 chain mail (worn)
 f - the +4 scale mail of the Sun {rElec Str-5 Int+3 Dex+5, unknown}
   (You found it on level 5 of the Dungeon)

   It affects your strength (-5).
   It affects your intelligence (+3).
   It affects your dexterity (+5).
   It insulates you from electricity.
 h - a +0 helmet
 i - a +0 ring mail
 j - a cursed +0 cloak (worn)
 m - a +0 hat (worn)
Jewellery
 r - a ring of protection from magic (left hand)
Wands
 p - a wand of acid (7/15)
Scrolls
 d - 2 scrolls of remove curse {unknown}
 g - 2 scrolls of blinking {unknown}
 k - a scroll of fog {unknown}
 l - 3 scrolls of identify {unknown}
 o - a scroll of enchant armour {unknown}
 q - 2 scrolls of recharging {unknown}
Potions
 e - a potion of agility
Books
 s - an Akashic Record

   Spells                             Type                      Level
   a - Dispersal                      Translocation                6
   b - Malign Gateway                 Summoning/Translocation      7
   c - Disjunction                    Translocation                8
   d - Controlled Blink               Translocation                8


   Skills:
 + Level 4.9 Fighting
 + Level 4.7(5.0) Axes
 + Level 2.0(3.6) Maces & Flails
 + Level 3.7 Armour
 + Level 2.9 Dodging
 + Level 0.1 Stealth
 + Level 0.2 Unarmed Combat


You had 4 spell levels left.
You didn't know any spells.

Dungeon Overview and Level Annotations

Branches:
Dungeon (5/15)             Temple (1/1) D:5

Altars:
Xom


Innate Abilities, Weirdness & Mutations

You reflexively headbutt those who attack you in melee.
You have a pair of horns on your head.


Message History

You hit the bush but do no damage. You headbutt the bush!
The bush is lightly damaged.
You hit the bush.
You headbutt the bush, but do no damage.
The bush is lightly damaged.
You thump the bush!
The bush is lightly damaged.
You hit the bush but do no damage.
You headbutt the bush, but do no damage.
The bush is lightly damaged.
You hit the bush. You headbutt the bush.
The bush is lightly damaged.
Xom smiles on you. Something appears at your feet!
You see here a scale mail {god gift}.
You lose consciousness!
You can move again.
You have starved to death.
You die...
Xom guffaws!

.♣♣♣ ....♣ ....P♣♣
..P....♣♣♣♣♣♣♣
.............♣♣
P..P....P..P..♣
♣...PPP@..P..♣♣♣♣
..........[.....♣♣♣
.......PP..P......♣♣
.P...♣♣♣...........♣♣
P.... ♣...PP..<...P.♣
.♣.. .....PP........♣
... ..............♣♣♣
.PPPP.........♣♣♣♣♣
PPP....♣♣♣♣♣


There were no monsters in sight!

Vanquished Creatures
  A crimson imp (D:5)
  A giant frog zombie (D:5)
  3 gnolls (D:2)
  5 adders
  2 worms (D:2)
  A giant gecko (D:2)
  6 orcs
  2 giant cockroaches
  6 goblins
  4 hobgoblins
  9 jackals
  7 kobolds
  A quokka (D:2)
  6 bats
  2 giant newts
  8 rats
64 creatures vanquished.

Notes
Turn   | Place    | Note
--------------------------------------------------------------
     0 | D:1      | Melfield the Minotaur Chaos Knight began the quest for the Orb.
     0 | D:1      | Reached XP level 1. HP: 19/19 MP: 0/0
   143 | D:1      | Reached XP level 2. HP: 23/27 MP: 1/1
   560 | D:1      | You fall through a shaft!
   903 | D:2      | Reached XP level 3. HP: 34/34 MP: 2/2
  1062 | D:2      | Reached XP level 4. HP: 37/41 MP: 3/3
  1778 | D:3      | XOM: mild Erth miscast
  1894 | D:3      | XOM: potion effect (invisibility)
  2066 | D:3      | XOM: harmless Chrm miscast
  2544 | D:3      | XOM: colour smoke trail
  2614 | D:4      | Reached XP level 5. HP: 45/47 MP: 4/4
  2648 | D:4      | Reached skill level 1 in Maces & Flails
  2666 | D:4      | XOM: blink monster(s)
  2667 | D:4      | XOM: chaos upgrade
  2671 | D:4      | XOM: enchant monster (good)
  2672 | D:4      | XOM: scenery: create altars
  2674 | D:4      | XOM: swap monsters
  2676 | D:4      | HP: 2/47 [worker ant (3)]
  2677 | D:4      | XOM: polymorph orc -> quokka
  2874 | D:4      | XOM: summons friendly shadow imp
  2888 | D:5      | Entered Level 5 of the Dungeon
  2958 | D:5      | Got a twisted scale mail
  2970 | D:5      | XOM: fog
  3068 | D:5      | XOM: cast spell 'Dragon Form'
  3086 | D:5      | Paralysed by fainting for 10 turns
  3091 | D:5      | XOM: god gift: 830 gold pieces
  3096 | D:5      | Paralysed by fainting for 9 turns
  3152 | D:5      | Found a staircase to the Ecumenical Temple.
  3159 | D:5      | XOM: confuse monster(s)
  3161 | D:5      | Noticed an ogre
  3161 | Temple   | Entered the Ecumenical Temple
  3177 | Temple   | XOM: god gift: scale mail {god gift}
  3180 | Temple   | Paralysed by fainting for 7 turns
  3187 | Temple   | Starved to death

Skill      XL: |  1  2  3  4  5 |
---------------+----------------+-----
Fighting       | 4 |  4.9
Axes           | 4 |  4.7
Armour         | 3 |  3.7
Dodging        | 2 |  2.9
Maces & Flails | 2 |  2.0
Stealth        | |  0.1
Unarmed Combat | |  0.2

Action                   |  1- 3 |  4- 6 || total
-------------------------+-------+-------++-------
Melee: Hand axe          |    49 |       ||    49
       Headbutt          |     4 |    25 ||    29
       Flail             |       |   101 ||   101
       Unarmed           |       |     3 ||     3
  Use: Potion            |       |     4 ||     4
       Scroll            |       |     1 ||     1
  Eat: Bread ration      |       |     1 ||     1
Armor: Leather armour    |     9 |       ||     9
       Ring mail         |     8 |    55 ||    63
       Chain mail        |       |     6 ||     6
Dodge: Dodged            |    41 |    94 ||   135
